 Dungeon Crawl Stone Soup version 0.19-a0-1704-gbd66c22 (webtiles) character file.

8208 Amnesiac the Thaumaturge (level 11, -12/54 HPs)
             Began as a Deep Elf Enchanter on Sept 27, 2016.
             Was a High Priest of Dithmenos.
             Mangled by a slime creature (22 damage)
             ... on level 1 of the Lair of Beasts.
             The game lasted 00:25:05 (9679 turns).

Amnesiac the Thaumaturge (Deep Elf Enchanter)       Turns: 9679, Time: 00:25:06

Health: -12/54     AC:  0    Str:  5    XL:     11   Next: 6%
Magic:  24/28      EV: 19    Int: 21    God:    Dithmenos [*****.]
Gold:   486        SH:  0    Dex: 22    Spells: 5 memorised, 21 levels left

rFire  + . .     SeeInvis +     B - +2 dagger (venom)
rCold  + . .     Gourm    .     b - +1 robe
rNeg   . . .     Faith    .     (no shield)
rPois  +         Spirit   .     w - +0 helmet
rElec  +         Dismiss  .     x - +0 cloak
rCorr  +         Reflect  .     R - +1 pair of gloves
MR     +....     Harm     .     (no boots)
Stlth  ++++++++..               (no amulet)
                                L - ring of see invisible
                                E - ring of poison resistance

@: resistant, corroded, wreathed by umbra
A: agile 2, wild magic 1
a: Shadow Step, Shadow Form, Renounce Religion


You were on level 1 of the Lair of Beasts.
You worshipped Dithmenos.
Dithmenos was extremely pleased with you.
You were not hungry.

You visited 3 branches of the dungeon, and saw 12 of its levels.

You collected 486 gold pieces.

Inventory:

Hand Weapons
 B - a +2 dagger of venom (weapon)
 F - a +2 dagger of speed
Armour
 b - a +1 robe (worn)
 w - a +0 helmet (worn)
 x - a +0 cloak (worn)
 R - a +1 pair of gloves (worn)
Jewellery
 E - a ring of poison resistance (left hand)
 L - a ring of see invisible (right hand)
Wands
 k - a wand of disintegration (18/24)
 t - a wand of flame (6/48)
 A - a wand of enslavement (6/24)
 G - a wand of paralysis (21/24)
 P - a wand of confusion (14/48)
 Q - a wand of disintegration (5/24)
 S - a wand of digging (14/24)
Scrolls
 e - 3 scrolls of immolation {unknown}
 h - 3 scrolls of fear {unknown}
 j - 10 scrolls of identify {unknown}
 l - a scroll of random uselessness {unknown}
 m - 2 scrolls of recharging {unknown}
 n - 2 scrolls of fog {unknown}
 o - 3 scrolls of noise {unknown}
 p - 7 scrolls of remove curse {unknown}
 q - a scroll of teleportation {unknown}
 u - 4 scrolls of amnesia {unknown}
 y - 5 scrolls of magic mapping {unknown}
 C - 2 scrolls of blinking {unknown}
 I - a scroll of enchant weapon {unknown}
 U - a scroll of holy word {unknown}
 V - a scroll of silence {unknown}
Potions
 a - a potion of heal wounds {unknown}
 g - 3 potions of resistance
 i - 4 potions of curing {unknown}
 s - a potion of berserk rage {unknown}
 z - 2 potions of mutation {unknown}
 D - a potion of cure mutation {unknown}
 H - a potion of invisibility {unknown}
 J - 2 potions of might {unknown}
 K - 2 potions of ambrosia {unknown}
 N - a potion of brilliance {unknown}
 O - a potion of cancellation {unknown}
 T - a potion of agility {unknown}
Books
 c - a book of Maledictions

   Spells                             Type                      Level
   a - Corona                         Hexes                        1
   b - Ensorcelled Hibernation        Hexes/Ice                    2
   c - Confuse                        Hexes                        3
   d - Tukima's Dance                 Hexes                        3
   e - Dazzling Spray                 Conjuration/Hexes            3
Comestibles
 d - 6 bread rations
 f - 16 fruits
 r - 7 meat rations
 v - a beef jerky
 M - a slice of pizza
 W - a chunk of flesh


   Skills:
 + Level 6.0 Short Blades
 + Level 8.0 Dodging
 * Level 11.4 Stealth
 * Level 11.6 Spellcasting
 * Level 11.5 Hexes


You had 21 spell levels left.
You knew the following spells:

 Your Spells              Type           Power        Failure   Level  Hunger
a - Corona                Hex            ######.      1%          1    None
b - Dazzling Spray        Conj/Hex       #####.       2%          3    None
e - Confuse               Hex            ######..     1%          3    None
f - Ensorcelled Hibernat  Hex/Ice        #####.       1%          2    None
w - Tukima's Dance        Hex            ######..     1%          3    None


Dungeon Overview and Level Annotations

Branches:
Dungeon (9/15)             Temple (1/1) D:4            Lair (2/6) D:9
  Swamp: Lair:2-4    Shoals: Lair:2-4     Snake: Lair:2-4    Spider: Lair:2-4
    Orc: D:9-12

Altars:
Ashenzari
Cheibriados
Dithmenos
Elyvilon
Fedhas
Gozag
Hepliaklqana
Kikubaaqudgha
Makhleb
Nemelex Xobeh
Okawaru
Qazlal
Ru
Sif Muna
Trog
Uskayaw
Vehumet
Xom
Yredelemnul
Zin
The Shining One

Shops:
D:5 :


Innate Abilities, Weirdness & Mutations

You are very agile. (Dex +4)
Your spells are a little harder to cast, but a little more powerful.


Message History

You hit the jelly. The acid corrodes you!
Your hands burn!
The jelly is heavily wounded.
The jelly misses you.
You hit the jelly but do no damage.
The jelly is poisoned.
Your hands burn!
The jelly is heavily wounded.
Your shadow hits the jelly with a dagger.
Your shadow is burned by acid!
The jelly barely misses you.
Unknown command.
You hit the jelly but do no damage. The acid corrodes you!
Your hands burn!
The jelly is almost dead.
The slime creature hits you!!
* * * LOW HITPOINT WARNING * * *
Unknown command.
It was a potion of resistance.
You feel protected.
You kill the jelly!
Dithmenos accepts your kill. The slime creature hits you!!
You die...

##### #...# #@J.# ##JF## ### ##
##..P# #
###.######P#####..ยง##############
...........#...........##.P...##.
.>F..........J..........#....##..
.................................
..........>......................
.................................


You could see a slime creature, a blink frog and an ooze.

Vanquished Creatures
  The ghost of aronpayne the Ruffian, a novice TrMo of Qazlal (D:8)
  The ghost of p0werm0de the Nimble, a novice SpCK of Xom (D:9)
  Pikel (D:6)
  A spiny frog (Lair:2)
  Grinder (D:3)
  Prince Ribbit (D:5)
  A blink frog (Lair:1)
  2 hippogriffs
  3 yaks (Lair:1)
  A hungry ghost (D:9)
  Grum (Lair:1)
  Menkaure (D:5)
  3 water moccasins
  Duvessa (D:5)
  2 porcupines (Lair:2)
  2 orc warriors
  4 slaves (D:6)
  2 sky beasts
  8 wolves (Lair:1)
  9 ogres
  3 centaurs
  4 bullfrogs
  Dowan (D:5)
  A scorpion (D:8)
  3 killer bees (D:9)
  4 wights (D:8)
  3 crimson imps
  4 hounds
  3 jellies
  An orc priest (D:7)
  Crazy Yiuf (D:2)
  4 orc wizards
  A bullfrog skeleton (D:4)
  6 iguanas
  Ijyb (D:2)
  4 worker ants
  2 hound skeletons
  Robin (D:2)
  9 adders
  7 gnolls
  30 river rats
  9 oozes
  An adder skeleton (D:4)
  4 worms
  7 dart slugs
  A leopard gecko (D:6)
  17 orcs
  3 ball pythons
  7 giant cockroaches
  15 goblins
  10 hobgoblins
  9 jackals
  A quokka (D:3)
  6 bats
  2 frilled lizards
  6 kobolds
  A leopard gecko skeleton (D:6)
  A quokka skeleton (D:4)
  9 rats
248 creatures vanquished.

Vanquished Creatures (others)
  11 fungi (Lair:1)
11 creatures vanquished.

Grand Total: 259 creatures vanquished

Notes
Turn   | Place    | Note
-------+----------+-------------------------------------------
     0 | D:1      | Amnesiac the Deep Elf Enchanter began the quest for the Orb.
     0 | D:1      | Reached XP level 1. HP: 10/10 MP: 6/6
   185 | D:2      | Reached XP level 2. HP: 15/15 MP: 6/8
   191 | D:2      | Learned a level 2 spell: Ensorcelled Hibernation
   502 | D:3      | Found a faded altar of an unknown god.
   608 | D:3      | Found a stormy altar of Qazlal.
   691 | D:4      | Reached XP level 3. HP: 19/19 MP: 7/10
   831 | D:4      | Learned a level 3 spell: Confuse
   835 | D:4      | Learned a level 3 spell: Tukima's Dance
   998 | D:4      | Found a staircase to the Ecumenical Temple.
  1008 | Temple   | Entered the Ecumenical Temple
  1199 | Temple   | Became a worshipper of Dithmenos the Shadowed
  1775 | D:1      | Reached XP level 4. HP: 24/24 MP: 12/12
  2355 | D:2      | Noticed Ijyb
  2405 | D:2      | Killed Ijyb
  2472 | D:2      | Noticed Robin
  2674 | D:2      | Killed Robin
  2851 | D:2      | Found a runed door.
  2901 | D:2      | Reached XP level 5. HP: 28/28 MP: 11/14
  3139 | D:2      | Reached * piety under Dithmenos
  3262 | D:2      | Noticed Crazy Yiuf
  3266 | D:2      | Killed Crazy Yiuf
  3266 | D:2      | Reached skill level 5 in Hexes
  3334 | D:3      | Reached skill level 5 in Spellcasting
  3387 | D:3      | Reached skill level 5 in Stealth
  3673 | D:3      | Noticed Grinder
  3696 | D:3      | Paralysed by Grinder for 3 turns
  3710 | D:3      | Killed Grinder
  3710 | D:3      | Reached XP level 6. HP: 32/32 MP: 2/16
  4148 | D:4      | Learned a level 3 spell: Dazzling Spray
  4155 | D:4      | Reached ** piety under Dithmenos
  4186 | D:4      | Reached XP level 7. HP: 36/36 MP: 12/17
  4416 | D:5      | Entered Level 5 of the Dungeon
  4458 | D:5      | Gained mutation: You are agile. (Dex +2) [mutagenic meat]
  4461 | D:5      | Gained mutation: You are very agile. (Dex +4) [mutagenic meat]
  4464 | D:5      | Gained mutation: Your spells are a little harder to cast, but a little more powerful. [mutagenic meat]
  4586 | D:5      | Noticed Duvessa
  4586 | D:5      | Noticed Dowan
  4592 | D:5      | Killed Duvessa
  4594 | D:5      | Killed Dowan
  4684 | D:5      | Noticed Menkaure
  4690 | D:5      | Killed Menkaure
  4690 | D:5      | Reached XP level 8. HP: 27/41 MP: 16/20
  4829 | D:5      | Found Eqaa's Book Emporium.
  5050 | D:5      | Noticed Prince Ribbit
  5053 | D:5      | Killed Prince Ribbit
  5321 | D:6      | Noticed Pikel
  5328 | D:6      | Killed Pikel
  5328 | D:6      | Reached skill level 5 in Dodging
  5328 | D:6      | Reached XP level 9. HP: 41/45 MP: 12/23
  6047 | D:6      | Reached *** piety under Dithmenos
  7927 | D:8      | Noticed aronpayne's ghost (novice TrMo)
  7933 | D:8      | Reached skill level 5 in Short Blades
  7969 | D:8      | Killed aronpayne's ghost
  7969 | D:8      | Reached skill level 10 in Stealth
  7969 | D:8      | Reached skill level 10 in Spellcasting
  7969 | D:8      | Reached skill level 10 in Hexes
  7969 | D:8      | Reached XP level 10. HP: 21/50 MP: 22/26
  8316 | D:9      | Noticed p0werm0de's ghost (novice SpCK)
  8356 | D:9      | Killed p0werm0de's ghost
  8362 | D:9      | Reached **** piety under Dithmenos
  8709 | D:9      | Found a staircase to the Lair.
  8874 | Lair:1   | Entered Level 1 of the Lair of Beasts
  9043 | Lair:1   | Noticed Grum
  9069 | Lair:1   | Killed Grum
  9160 | Lair:2   | Noticed a spiny frog
  9164 | Lair:2   | Killed a spiny frog
  9443 | Lair:2   | Reached XP level 11. HP: 54/54 MP: 25/28
  9517 | Lair:1   | Reached ***** piety under Dithmenos
  9679 | Lair:1   | Mangled by a slime creature

Vault maps used:
D:1:      elethiomel_arrival_infinity_welcomes_careful_drivers
D:2:      uniq_robin, uniq_iyjb, uniq_crazy_yiuf_cottage
D:3:      ecumenical_altar_1, first_bread, nicolae_qazlal_general_emergency,
          uniq_grinder
D:4:      hex_intersection
D:5:      serial_shops, nicolae_shop_crystal, uniq_duvessa, uniq_menkaure,
          uniq_prince_ribbit1
D:6:      hangedman_decor_push, st_stairs_7, uniq_pikel
D:8:      nicolae_underground_beach
D:9:      lair_0_dummy
Temple:   minmay_crystal_snake_temple
Lair:1:   lemuel_slime, basic_altar, uniq_grum
Lair:2:   swamp_mist_pool, grunt_megastairs_3, uniq_nergalle

Skill      XL: |  1  2  3  4  5  6  7  8  9 10 11 |
---------------+----------------------------------+-----
Stealth        | 4 5 6 7 8 10 11 | 11.4
Spellcasting   | 4 5 7 8 10 11 | 11.6
Short Blades   | 2 3 4 5 6 |  6.0
Dodging        | 3 4 5 6 7 8 |  8.0
Hexes          | 5 7 8 10 11 | 11.5

Action                   |  1- 3 |  4- 6 |  7- 9 | 10-12 || total
-------------------------+-------+-------+-------+-------++-------
Melee: Dagger            |    49 |   188 |   122 |   145 ||   504
 Cast: Ensorcelled Hiber |    27 |    61 |    59 |    63 ||   210
       Confuse           |       |     8 |    11 |     8 ||    27
       Dazzling Spray    |       |       |     2 |       ||     2
  Use: Potion            |       |       |       |     1 ||     1
 Stab: Sleeping          |    23 |    40 |    58 |    65 ||   186
       Confused          |       |     4 |     8 |     4 ||    16
       Distracted        |       |       |     1 |       ||     1
       Invisible         |       |       |     1 |       ||     1
  Eat: Chunk             |     3 |     9 |    15 |     6 ||    33
Armor: Robe              |    17 |    48 |    15 |    11 ||    91
Dodge: Dodged            |    31 |   117 |    70 |   175 ||   393
